cohdb
Replays
Latest Replays
All Replays
Popular Replays
Top Player Replays
Match Explorer
How It Works
Community
CoH3 Stats
Reddit
Sign in to upload your games and track your stats! →
Sign in with Steam
Match 44424231
Unlisted
Match 44424231
Overview
Messages
Build Orders
End
Engineer Squad
Construct Barracks
Selects Heavy Weapons
Riflemen Squad
1⁄4-ton 4x4 Truck
Riflemen Squad
Selects Assault Carriers
Construct Weapon Support Center
Grenade Package
Construct Medical Station
Riflemen Squad
Mechanized Support Center
Selects M2HB .50cal Heavy Machine Gun
Selects Exchangeable Parts
M3 Assault Carrier
M1918 Browning Automatic Rifles
Selects Gallant Stand
Gallant Stand
Construct Tank Depot
.30 cal Machine Gun
M4A1 Sherman Medium Tank
Selects Bolstered Team Weapons
M1919 Machine Gun Team
Mortar Pit
Gallant Stand
M4A1 Sherman Medium Tank
M4A1 76mm Conversion
.30 cal Machine Gun
FerrariPeek Clutch Nixon
Legionary
HolyMolyEmpire
Zlewozmywak
Grzeczyn89
❤KOSMO❤
0
0
Comments
sign in to comment!
No comments posted yet!